Anaheim Ducks vs Vancouver Canucks

Created - dimanche, 31 mars 2024 at 19:01

Goals
1 2 3 OT1 T
Anaheim Ducks 0 1 1 0 2
Vancouver Canucks 1 0 1 1 3
Shots
1 2 3 OT1 T
Anaheim Ducks 10 4 11 1 26
Vancouver Canucks 8 3 15 3 29

1st period

1. Vancouver Canucks , Bo Horvat 33 (Erik Gudbranson 15) at 17:11

Penalties :
Erik Brannstrom (VAN) for Tripping (Minor) at 6:10, Chris Tanev (VAN) for High sticking (Minor) at 10:21

2nd period

2. Anaheim Ducks , Pavel Zacha 12 (Neal Pionk 27) at 19:53

Penalties :
No Penalty

3rd period

3. Anaheim Ducks , Viktor Arvidsson 28 (Brayden McNabb 22, Jani Hakanpaa 14) at 19:47
4. Vancouver Canucks , Quinn Hughes 6 (Elias Pettersson 40) at 19:55

Penalties :
Jani Hakanpaa (ANA) for Tripping (Minor) at 17:27

Overtime #1

5. Vancouver Canucks , Bo Horvat 34 (Elias Pettersson 41, Cale Makar 34) at 4:13

Penalties :
No Penalty

Goalie Stats

Martin Jones (ANA), 26 saves from 29 shots - (0.897), OTL, 25-23-6, 64:14 minutes
Jacob Markstrom (VAN), 24 saves from 26 shots - (0.923), W, 21-20-4, 64:14 minutes

Players Stats for Anaheim Ducks

Player Name              G  A  P  +/- PIM S  H  SB GA TA FO     MP     PP MP  PK MP  
------------------------------------------------------------------------------------
Brayden McNabb           0  1  1   0  0   1  0  2  0  0  0/0    17:18   0:00   0:00 
Calle Jarnkrok           0  0  0  -1  0   1  0  0  0  0  10/16  17:23   1:42   0:46 
Cam Fowler               0  0  0  -1  0   2  0  4  0  0  0/0    25:27   1:54   1:25 
Chandler Stephenson      0  0  0  -1  0   1  0  0  0  0  5/8    25:26   2:03   1:13 
David Savard             0  0  0  -2  0   0  2  4  0  0  0/0    22:56   1:54   1:25 
Gustav Nyquist           0  0  0   0  0   3  0  0  0  0  0/1    15:52   0:00   0:00 
Jani Hakanpaa            0  1  1   0  2   0  1  0  0  0  0/0    16:49   0:00   0:00 
Jordan Kyrou             0  0  0   0  0   1  0  0  0  0  2/5    18:09   2:03   1:13 
Lukas Sedlak             0  0  0   0  0   0  4  0  0  0  3/10    9:00   0:00   0:00 
Neal Pionk               0  1  1   1  0   1  1  0  0  0  0/0    20:52   2:04   0:34 
Pavel Zacha              1  0  1   1  0   2  0  1  0  0  7/14   16:47   0:13   0:00 
Rickard Rakell           0  0  0   1  0   5  0  1  0  0  1/4    20:33   1:55   0:00 
Ryan Lomberg             0  0  0  -2  0   0  3  2  0  0  9/18   14:27   0:00   0:00 
Sam Lafferty             0  0  0  -1  0   3  5  0  0  0  0/1    16:46   0:00   0:00 
Scott Harrington         0  0  0   0  0   0  1  0  0  0  0/0     1:02   0:00   0:00 
Scott Mayfield           0  0  0   1  0   1  0  3  0  0  0/0    19:49   2:04   0:34 
Steven Lorentz           0  0  0   0  0   1  0  0  0  0  0/1    12:34   2:03   0:46 
Viktor Arvidsson         1  0  1   1  0   4  2  0  0  0  1/1    19:32   1:55   0:00 

Players Stats for Vancouver Canucks

Player Name              G  A  P  +/- PIM S  H  SB GA TA FO     MP     PP MP  PK MP  
------------------------------------------------------------------------------------
Andrei Kuzmenko          0  0  0   1  0   4  0  0  0  0  0/0    17:42   0:48   0:00 
Ben Hutton               0  0  0  -2  0   0  1  0  0  0  0/1    10:58   0:38   0:00 
Bo Horvat                2  0  2   2  0   6  1  0  0  0  10/16  17:30   1:11   0:10 
Brock Boeser             0  0  0   1  0   0  2  0  0  0  0/2    17:42   0:48   0:00 
Cale Makar               0  1  1   1  0   2  2  0  0  0  0/0    26:10   1:21   2:38 
Chris Tanev              0  0  0  -1  2   1  1  0  0  0  0/0    19:07   0:00   0:15 
David Kampf              0  0  0  -2  0   1  0  2  0  0  10/15  13:07   0:00   2:47 
Elias Pettersson         0  2  2   2  0   3  1  0  0  0  13/26  19:38   0:48   0:46 
Erik Brannstrom          0  0  0   0  2   0  1  0  0  0  0/0    16:20   0:00   0:50 
Erik Gudbranson          0  1  1   0  0   0  2  5  0  0  0/0    18:54   0:00   2:26 
Jesper Fast              0  0  0   0  0   2  0  0  0  0  0/0    15:20   0:00   1:01 
Mason Appleton           0  0  0  -2  0   2  1  0  0  0  0/1    13:07   0:00   2:47 
Pius Suter               0  0  0   1  0   0  0  0  0  0  2/4    15:14   0:00   0:25 
Quinn Hughes             1  0  1   1  0   1  0  1  0  0  0/0    23:35   1:21   0:53 
Sonny Milano             0  0  0   0  0   2  0  0  0  0  0/0    13:36   0:00   0:00 
Tommy Novak              0  0  0   1  0   2  0  0  0  0  1/1    15:52   1:11   0:00 
Tyler Myers              0  0  0   0  0   1  2  0  0  0  0/0    19:28   0:38   0:54 
Wyatt Johnston           0  0  0   0  0   2  0  0  0  0  5/13   15:22   1:11   0:00 

3 Stars

1 - Bo Horvat (VAN)
2 - Elias Pettersson (VAN)
3 - Quinn Hughes (VAN)

Power Play

Anaheim Ducks - 0 on 2 Attempt(s) - 0.00%
Vancouver Canucks - 0 on 1 Attempt(s) - 0.00%

Penalty Kill

Anaheim Ducks - 1 on 1 Attempt(s) - 100.00% - Score 0 goal in Penalty Kill
Vancouver Canucks - 2 on 2 Attempt(s) - 100.00% - Score 0 goal in Penalty Kill

Team Stat

Anaheim Ducks - Hits : 19 - Faceoff Wins : 38 - Blocked Shots : 17 - Penalty Minutes : 2
Vancouver Canucks - Hits : 14 - Faceoff Wins : 41 - Blocked Shots : 8 - Penalty Minutes : 4

Official

Referees : Corey Syvret and Kyle Rehman
Linesman : Ryan Daisy and Person Placeholder

Game Notes

No Game Note

Finance

Level 1 -- Attendance: 8945 (89.45%) -- Ticket Income $ 805 050
Level 2 -- Attendance: 1725 (86.25%) -- Ticket Income $ 129 375
Level 3 -- Attendance: 3123 (89.23%) -- Ticket Income $ 140 535
Level 4 -- Attendance: 1127 (77.72%) -- Ticket Income $ 33 810
Luxury Box -- Attendance: 38 (76.00%) -- Ticket Income $ 8 360
Game was played at the Rogers Arena.
Total Attendance: 14958 (87.99%)
Total Ticket Income: $ 1 117 130
Total Income: $ 1 117 130

Anaheim Ducks

5 vs 5 Forward 
   Center                   Left Wing                Right Wing               Time % Phy DF OF 
 1 Ryan Lomberg             Chandler Stephenson      Jordan Kyrou             30     1   2  2  
 2 Pavel Zacha              Viktor Arvidsson         Rickard Rakell           30     1   2  2  
 3 Calle Jarnkrok           Gustav Nyquist           Sam Lafferty             25     1   2  2  
 4 Lukas Sedlak             Steven Lorentz           Chandler Stephenson      15     1   2  2  

5 vs 5 Defense 
   Defense                  Defense                                           Time % Phy DF OF 
 1 Cam Fowler               David Savard                                      35     1   2  2  
 2 Jani Hakanpaa            Brayden McNabb                                    35     1   2  2  
 3 Neal Pionk               Scott Mayfield                                    30     1   2  2  
 4 Cam Fowler               David Savard                                      0      1   2  2  

PowerPlay Forward 
   Center                   Left Wing                Right Wing               Time % Phy DF OF 
 1 Jordan Kyrou             Steven Lorentz           Chandler Stephenson      50     1   2  2  
 2 Rickard Rakell           Calle Jarnkrok           Viktor Arvidsson         50     1   2  2  

PowerPlay Defense
   Defense                  Defense                                           Time % Phy DF OF 
 1 Cam Fowler               David Savard                                      50     1   2  2  
 2 Neal Pionk               Scott Mayfield                                    50     1   2  2  

Penalty Kill 4 Players Forward 
   Center                   Wing                     Time % Phy DF OF 
 1 Calle Jarnkrok           Steven Lorentz           50     1   2  2  
 2 Chandler Stephenson      Jordan Kyrou             50     1   2  2  

Penalty Kill 4 Players Defense
   Defense                  Defense                  Time % Phy DF OF 
 1 Cam Fowler               David Savard             50     1   2  2  
 2 Neal Pionk               Scott Mayfield           50     1   2  2  

Penalty Kill - 3 Players Forward 
   Forward                                           Time % Phy DF OF 
 1 Calle Jarnkrok                                    50     1   2  2  
 2 Steven Lorentz                                    50     1   2  2  

Penalty Kill - 3 Players Defense
   Defense                  Defense                  Time % Phy DF OF 
 1 Cam Fowler               David Savard             50     1   2  2  
 2 Neal Pionk               Scott Mayfield           50     1   2  2  

4 vs 4 Forward 
   Center                   Wing                     Time % Phy DF OF 
 1 Chandler Stephenson      Calle Jarnkrok           50     1   2  2  
 2 Jordan Kyrou             Steven Lorentz           50     1   2  2  

4 vs 4 Defense
   Defense                  Defense                  Time % Phy DF OF 
 1 Cam Fowler               David Savard             50     1   2  2  
 2 Neal Pionk               Scott Mayfield           50     1   2  2  

Last Minutes Offensive
   Center                   Left Wing                Right Wing               Defense                  Defense                  
   Ryan Lomberg             Chandler Stephenson      Jordan Kyrou             Cam Fowler               David Savard             

Last Minutes Defensive
   Center                   Left Wing                Right Wing               Defense                  Defense                  
   Ryan Lomberg             Chandler Stephenson      Jordan Kyrou             Cam Fowler               David Savard             

Goaltenders
Starting : Martin Jones             
Backup : Scott Wedgewood          

Extra Forwards
Normal : Calle Jarnkrok, Chandler Stephenson, Steven Lorentz - PP : Chandler Stephenson, Steven Lorentz - PK : Steven Lorentz
Extra Defensemen
Normal : Cam Fowler, Jani Hakanpaa, Neal Pionk - PP : David Savard - PK : Jani Hakanpaa, Neal Pionk
Penalty Shots
Jordan Kyrou, Steven Lorentz, Calle Jarnkrok, Chandler Stephenson, Viktor Arvidsson
Custom OT Lines Forwards
Ryan Lomberg, Chandler Stephenson, Jordan Kyrou, Sam Lafferty, Viktor Arvidsson, Rickard Rakell, Gustav Nyquist, Calle Jarnkrok, Lukas Sedlak, Steven Lorentz
Custom OT Lines Defensemen
Cam Fowler, David Savard, Neal Pionk, Scott Mayfield, Jani Hakanpaa

Scratches
J.T. Miller (Exhaustion), Brett Howden (Healthy), Michael Hutchinson (Healthy)

Vancouver Canucks

5 vs 5 Forward 
   Center                   Left Wing                Right Wing               Time % Phy DF OF 
 1 Elias Pettersson         Andrei Kuzmenko          Brock Boeser             32     0   1  4  
 2 Bo Horvat                Tommy Novak              Pius Suter               26     1   1  3  
 3 Wyatt Johnston           Jesper Fast              Sonny Milano             24     1   2  2  
 4 David Kampf              Mason Appleton           Ben Hutton               18     1   2  2  

5 vs 5 Defense 
   Defense                  Defense                                           Time % Phy DF OF 
 1 Cale Makar               Chris Tanev                                       40     1   1  3  
 2 Quinn Hughes             Tyler Myers                                       35     1   2  2  
 3 Erik Gudbranson          Erik Brannstrom                                   25     2   3  0  
 4 Chris Tanev              Quinn Hughes                                      0      1   2  2  

PowerPlay Forward 
   Center                   Left Wing                Right Wing               Time % Phy DF OF 
 1 Elias Pettersson         Andrei Kuzmenko          Brock Boeser             58     0   0  5  
 2 Bo Horvat                Tommy Novak              Wyatt Johnston           42     0   0  5  

PowerPlay Defense
   Defense                  Defense                                           Time % Phy DF OF 
 1 Cale Makar               Quinn Hughes                                      58     0   1  4  
 2 Ben Hutton               Tyler Myers                                       42     0   1  4  

Penalty Kill 4 Players Forward 
   Center                   Wing                     Time % Phy DF OF 
 1 David Kampf              Mason Appleton           55     1   3  1  
 2 Pius Suter               Jesper Fast              45     1   3  1  

Penalty Kill 4 Players Defense
   Defense                  Defense                  Time % Phy DF OF 
 1 Tyler Myers              Chris Tanev              55     1   4  0  
 2 Erik Gudbranson          Erik Brannstrom          45     2   3  0  

Penalty Kill - 3 Players Forward 
   Forward                                           Time % Phy DF OF 
 1 David Kampf                                       55     1   4  0  
 2 Mason Appleton                                    45     1   4  0  

Penalty Kill - 3 Players Defense
   Defense                  Defense                  Time % Phy DF OF 
 1 Tyler Myers              Chris Tanev              55     1   4  0  
 2 Erik Gudbranson          Erik Brannstrom          45     1   4  0  

4 vs 4 Forward 
   Center                   Wing                     Time % Phy DF OF 
 1 Elias Pettersson         Brock Boeser             55     1   1  3  
 2 Bo Horvat                Andrei Kuzmenko          45     1   1  3  

4 vs 4 Defense
   Defense                  Defense                  Time % Phy DF OF 
 1 Quinn Hughes             Chris Tanev              55     1   2  2  
 2 Cale Makar               Tyler Myers              45     1   2  2  

Last Minutes Offensive
   Center                   Left Wing                Right Wing               Defense                  Defense                  
   Elias Pettersson         Andrei Kuzmenko          Brock Boeser             Cale Makar               Quinn Hughes             

Last Minutes Defensive
   Center                   Left Wing                Right Wing               Defense                  Defense                  
   Bo Horvat                Mason Appleton           David Kampf              Tyler Myers              Chris Tanev              

Goaltenders
Starting : Jacob Markstrom          
Backup : Spencer Martin           

Extra Forwards
Normal : Elias Pettersson, Brock Boeser, Bo Horvat - PP : Elias Pettersson, Brock Boeser - PK : Bo Horvat
Extra Defensemen
Normal : Cale Makar, Quinn Hughes, Tyler Myers - PP : Cale Makar - PK : Cale Makar, Quinn Hughes
Penalty Shots
Andrei Kuzmenko, Elias Pettersson, Brock Boeser, Bo Horvat, Wyatt Johnston
Custom OT Lines Forwards
Elias Pettersson, Bo Horvat, Brock Boeser, Andrei Kuzmenko, Wyatt Johnston, Tommy Novak, Jesper Fast, Pius Suter, Mason Appleton, David Kampf
Custom OT Lines Defensemen
Cale Makar, Quinn Hughes, Chris Tanev, Tyler Myers, Erik Gudbranson

Scratches
Phillip Di Giuseppe (Healthy)

% Time on Ice - Anaheim Ducks

Lines # - Real PCT - Wanted PCT - Time Play
Normal Forward
1 - 24% - 30% - 12:49
2 - 31% - 30% - 16:34
3 - 29% - 25% - 15:32
4 - 17% - 15% - 9:00
Normal Defense
1 - 37% - 35% - 19:52
2 - 30% - 35% - 16:14
3 - 32% - 30% - 17:31
4 - 1% - 0% - 0:18
PP Forward
1 - 52% - 50% - 2:03
2 - 48% - 50% - 1:55
PP Defense
1 - 48% - 50% - 1:54
2 - 52% - 50% - 2:04
PK Forward
1 - 39% - 50% - 0:46
2 - 61% - 50% - 1:13
PK Defense
1 - 71% - 50% - 1:25
2 - 29% - 50% - 0:34
PK3 Forward
1 - 0% - 50%
2 - 0% - 50%
PK3 Defense
1 - 0% - 50%
2 - 0% - 50%
44 Forward
1 - 0% - 50%
2 - 0% - 50%
44 Defense
1 - 0% - 50%
2 - 0% - 50%
Last Minute Offensive  - 0:00
Last Minute Defensive  - 0:08
Total
Forward - 60:00
Defense - 60:00

% Time on Ice - Vancouver Canucks

Lines # - Real PCT - Wanted PCT - Time Play
Normal Forward
1 - 29% - 32% - 15:53
2 - 26% - 26% - 14:06
3 - 25% - 24% - 13:36
4 - 19% - 18% - 10:20
Normal Defense
1 - 33% - 40% - 17:50
2 - 35% - 35% - 18:37
3 - 31% - 25% - 16:46
4 - 1% - 0% - 0:42
PP Forward
1 - 40% - 58% - 0:48
2 - 60% - 42% - 1:11
PP Defense
1 - 68% - 58% - 1:21
2 - 32% - 42% - 0:38
PK Forward
1 - 70% - 55% - 2:47
2 - 30% - 45% - 1:11
PK Defense
1 - 43% - 55% - 1:42
2 - 57% - 45% - 2:16
PK3 Forward
1 - 0% - 55%
2 - 0% - 45%
PK3 Defense
1 - 0% - 55%
2 - 0% - 45%
44 Forward
1 - 0% - 55%
2 - 0% - 45%
44 Defense
1 - 0% - 55%
2 - 0% - 45%
Last Minute Offensive  - 0:08
Last Minute Defensive  - 0:00
Total
Forward - 60:00
Defense - 60:00

Play-by-Play

1st period


0:01 of 1st period - Ryan Lomberg wins face-off versus Elias Pettersson in neutral zone.
0:01 of 1st period - Ryan Lomberg is hit by Brock Boeser.
0:14 of 1st period - Off-side.
0:15 of 1st period - Bo Horvat wins face-off versus Pavel Zacha in neutral zone.
0:47 of 1st period - Shot by Tommy Novak.
0:47 of 1st period - Shot Blocked by Brayden McNabb.
1:41 of 1st period - Icing by Neal Pionk.
1:42 of 1st period - David Kampf wins face-off versus Calle Jarnkrok in Anaheim Ducks zone.
1:47 of 1st period - Shot by David Kampf.
1:47 of 1st period - Shot Misses the Net.
1:50 of 1st period - Icing by Scott Mayfield.
1:51 of 1st period - Calle Jarnkrok wins face-off versus Elias Pettersson in Anaheim Ducks zone.
2:13 of 1st period - Shot by Andrei Kuzmenko.
2:13 of 1st period - Stopped by Martin Jones without a rebound.
2:14 of 1st period - David Kampf wins face-off versus Ryan Lomberg in Anaheim Ducks zone.
2:17 of 1st period - Shot by Mason Appleton.
2:17 of 1st period - Shot Misses the Net.
2:43 of 1st period - Shot by Mason Appleton.
2:43 of 1st period - Shot Blocked by David Savard.
3:25 of 1st period - Shot by Viktor Arvidsson.
3:25 of 1st period - Deflect By Rickard Rakell.
3:25 of 1st period - Stopped by Jacob Markstrom without a rebound.
3:26 of 1st period - Lukas Sedlak wins face-off versus Bo Horvat in Vancouver Canucks zone.
3:28 of 1st period - Chandler Stephenson is hit by Erik Gudbranson and loses puck.
4:13 of 1st period - Chris Tanev is hit by Lukas Sedlak and loses puck.
4:21 of 1st period - Icing by Cale Makar.
4:22 of 1st period - Calle Jarnkrok wins face-off versus Wyatt Johnston in Vancouver Canucks zone.
4:23 of 1st period - Shot by Gustav Nyquist.
4:23 of 1st period - Stopped by Jacob Markstrom without a rebound.
4:24 of 1st period - Calle Jarnkrok wins face-off versus Elias Pettersson in Vancouver Canucks zone.
4:25 of 1st period - Shot by Sam Lafferty.
4:25 of 1st period - Stopped by Jacob Markstrom without a rebound.
4:26 of 1st period - Calle Jarnkrok wins face-off versus Elias Pettersson in Vancouver Canucks zone.
5:18 of 1st period - Viktor Arvidsson is hit by Cale Makar and loses puck.
5:45 of 1st period - Shot by Jesper Fast.
5:45 of 1st period - Deflect By Sonny Milano.
5:45 of 1st period - Stopped by Martin Jones without a rebound.
5:46 of 1st period - Bo Horvat wins face-off versus Ryan Lomberg in Anaheim Ducks zone.
6:10 of 1st period - Minor Penalty to Erik Brannstrom for Tripping.
6:11 of 1st period - David Kampf wins face-off versus Jordan Kyrou in Vancouver Canucks zone.
6:17 of 1st period - Icing by David Savard.
6:18 of 1st period - Jordan Kyrou wins face-off versus David Kampf in Anaheim Ducks zone.
6:31 of 1st period - Shot by Cam Fowler.
6:31 of 1st period - Stopped by Jacob Markstrom without a rebound.
6:32 of 1st period - Pius Suter wins face-off versus Rickard Rakell in Vancouver Canucks zone.
6:42 of 1st period - Shot by Scott Mayfield.
6:42 of 1st period - Stopped by Jacob Markstrom without a rebound.
6:43 of 1st period - Pius Suter wins face-off versus Rickard Rakell in Vancouver Canucks zone.
7:24 of 1st period - Neal Pionk is hit by Mason Appleton and loses puck.
7:46 of 1st period - Shot by Neal Pionk.
7:46 of 1st period - Shot Misses the Net.
8:22 of 1st period - Shot by Gustav Nyquist.
8:22 of 1st period - Deflect By Sam Lafferty.
8:22 of 1st period - Stopped by Jacob Markstrom without a rebound.
8:23 of 1st period - Ryan Lomberg wins face-off versus Wyatt Johnston in Vancouver Canucks zone.
8:31 of 1st period - Chris Tanev is hit by Jani Hakanpaa and loses puck.
8:50 of 1st period - Shot by Jesper Fast.
8:50 of 1st period - Stopped by Martin Jones without a rebound.
8:51 of 1st period - Rickard Rakell wins face-off versus Elias Pettersson in Anaheim Ducks zone.
8:56 of 1st period - Shot by Cam Fowler.
8:56 of 1st period - Deflect By Rickard Rakell.
8:56 of 1st period - Shot Misses the Net.
9:02 of 1st period - Shot by Elias Pettersson.
9:02 of 1st period - Stopped by Martin Jones without a rebound.
9:03 of 1st period - Calle Jarnkrok wins face-off versus Bo Horvat in Anaheim Ducks zone.
9:22 of 1st period - Shot by Calle Jarnkrok.
9:22 of 1st period - Deflect By Sam Lafferty.
9:22 of 1st period - Shot Misses the Net.
9:24 of 1st period - Shot by Gustav Nyquist.
9:24 of 1st period - Stopped by Jacob Markstrom with a rebound.
10:20 of 1st period - Viktor Arvidsson is hit by Cale Makar.
10:21 of 1st period - Minor Penalty to Chris Tanev for High sticking.
10:22 of 1st period - David Kampf wins face-off versus Jordan Kyrou in Vancouver Canucks zone.
10:41 of 1st period - Shot by Jordan Kyrou.
10:41 of 1st period - Stopped by Jacob Markstrom without a rebound.
10:42 of 1st period - Chandler Stephenson wins face-off versus Elias Pettersson in Vancouver Canucks zone.
10:49 of 1st period - Shot by Jordan Kyrou.
10:49 of 1st period - Shot Misses the Net.
11:11 of 1st period - Shot by Chandler Stephenson.
11:11 of 1st period - Shot Misses the Net.
11:41 of 1st period - Shot by Rickard Rakell.
11:41 of 1st period - Stopped by Jacob Markstrom without a rebound.
11:42 of 1st period - David Kampf wins face-off versus Rickard Rakell in Vancouver Canucks zone.
11:51 of 1st period - Shot by Viktor Arvidsson.
11:51 of 1st period - Stopped by Jacob Markstrom without a rebound.
11:52 of 1st period - Viktor Arvidsson wins face-off versus David Kampf in Vancouver Canucks zone.
12:49 of 1st period - Icing by Cale Makar.
12:50 of 1st period - Elias Pettersson wins face-off versus Steven Lorentz in Vancouver Canucks zone.
13:03 of 1st period - Sam Lafferty is hit by Brock Boeser and loses puck.
13:34 of 1st period - Shot by Wyatt Johnston.
13:34 of 1st period - Stopped by Martin Jones without a rebound.
13:35 of 1st period - Bo Horvat wins face-off versus Pavel Zacha in Anaheim Ducks zone.
14:08 of 1st period - Shot by Bo Horvat.
14:08 of 1st period - Shot Blocked by Brayden McNabb.
14:46 of 1st period - Icing by David Kampf.
14:47 of 1st period - David Kampf wins face-off versus Calle Jarnkrok in Vancouver Canucks zone.
14:47 of 1st period - David Kampf is hit by Sam Lafferty.
15:04 of 1st period - Icing by David Kampf.
15:05 of 1st period - Ryan Lomberg wins face-off versus David Kampf in Vancouver Canucks zone.
15:10 of 1st period - Shot by Jordan Kyrou.
15:10 of 1st period - Shot Blocked by Erik Gudbranson.
15:15 of 1st period - Erik Brannstrom is hit by Ryan Lomberg and loses puck.
15:58 of 1st period - Elias Pettersson is hit by David Savard and loses puck.
17:11 of 1st period - Shot by Bo Horvat.
17:11 of 1st period - Goal by Bo Horvat - Anaheim Ducks : 0 - Vancouver Canucks : 1.
17:12 of 1st period - David Kampf wins face-off versus Lukas Sedlak in neutral zone.
17:21 of 1st period - Shot by Mason Appleton.
17:21 of 1st period - Shot Misses the Net.
17:23 of 1st period - Shot by Chris Tanev.
17:23 of 1st period - Stopped by Martin Jones without a rebound.
17:24 of 1st period - Elias Pettersson wins face-off versus Ryan Lomberg in Anaheim Ducks zone.
17:31 of 1st period - Shot by Brock Boeser.
17:31 of 1st period - Shot Blocked by Ryan Lomberg.
17:33 of 1st period - Shot by Cale Makar.
17:33 of 1st period - Stopped by Martin Jones without a rebound.
17:34 of 1st period - Lukas Sedlak wins face-off versus Mason Appleton in Anaheim Ducks zone.
17:34 of 1st period - Chandler Stephenson is hit by Ben Hutton and loses puck.
18:19 of 1st period - Jesper Fast is hit by Neal Pionk.
19:13 of 1st period - Tyler Myers is hit by Sam Lafferty and loses puck.
19:20 of 1st period - David Savard is hit by Elias Pettersson.
Goals for this period are 0 for Anaheim Ducks vs 1 for Vancouver Canucks.
Shots for this period are 10 for Anaheim Ducks vs 8 for Vancouver Canucks.

2nd period


0:01 of 2nd period - Elias Pettersson wins face-off versus Ryan Lomberg in neutral zone.
0:38 of 2nd period - Icing by Cale Makar.
0:39 of 2nd period - Elias Pettersson wins face-off versus Pavel Zacha in Vancouver Canucks zone.
0:43 of 2nd period - Off-side.
0:44 of 2nd period - Pavel Zacha wins face-off versus Wyatt Johnston in neutral zone.
1:06 of 2nd period - Quinn Hughes is hit by Viktor Arvidsson and loses puck.
2:44 of 2nd period - Icing by Brayden McNabb.
2:45 of 2nd period - Calle Jarnkrok wins face-off versus Bo Horvat in Anaheim Ducks zone.
3:45 of 2nd period - Shot by Pavel Zacha.
3:45 of 2nd period - Deflect By Viktor Arvidsson.
3:45 of 2nd period - Shot Misses the Net.
3:47 of 2nd period - Shot by David Savard.
3:47 of 2nd period - Shot Blocked by Quinn Hughes.
3:49 of 2nd period - Shot by Viktor Arvidsson.
3:49 of 2nd period - Deflect By Rickard Rakell.
3:49 of 2nd period - Stopped by Jacob Markstrom without a rebound.
3:50 of 2nd period - Ryan Lomberg wins face-off versus Wyatt Johnston in Vancouver Canucks zone.
3:50 of 2nd period - Ryan Lomberg is hit by Erik Gudbranson.
3:54 of 2nd period - Shot by Jordan Kyrou.
3:54 of 2nd period - Shot Blocked by Erik Gudbranson.
4:53 of 2nd period - Shot by David Kampf.
4:53 of 2nd period - Shot Misses the Net.
4:58 of 2nd period - Off-side.
4:59 of 2nd period - Pavel Zacha wins face-off versus Elias Pettersson in neutral zone.
5:10 of 2nd period - Shot by Cale Makar.
5:10 of 2nd period - Shot Blocked by David Savard.
5:48 of 2nd period - Icing by Pius Suter.
5:49 of 2nd period - Calle Jarnkrok wins face-off versus Bo Horvat in Vancouver Canucks zone.
6:07 of 2nd period - Shot by Gustav Nyquist.
6:07 of 2nd period - Shot Misses the Net.
6:52 of 2nd period - Bo Horvat is hit by David Savard and loses puck.
7:07 of 2nd period - Shot by Wyatt Johnston.
7:07 of 2nd period - Shot Misses the Net.
7:09 of 2nd period - Shot by Sonny Milano.
7:09 of 2nd period - Shot Misses the Net.
7:11 of 2nd period - Shot by Quinn Hughes.
7:11 of 2nd period - Shot Misses the Net.
8:48 of 2nd period - Off-side.
8:49 of 2nd period - Ryan Lomberg wins face-off versus David Kampf in neutral zone.
9:05 of 2nd period - Shot by Mason Appleton.
9:05 of 2nd period - Shot Misses the Net.
9:07 of 2nd period - Shot by Tyler Myers.
9:07 of 2nd period - Stopped by Martin Jones without a rebound.
9:08 of 2nd period - Calle Jarnkrok wins face-off versus Elias Pettersson in Anaheim Ducks zone.
9:27 of 2nd period - Shot by Gustav Nyquist.
9:27 of 2nd period - Stopped by Jacob Markstrom without a rebound.
9:28 of 2nd period - Chandler Stephenson wins face-off versus Wyatt Johnston in Vancouver Canucks zone.
9:39 of 2nd period - Shot by Sonny Milano.
9:39 of 2nd period - Shot Misses the Net.
9:53 of 2nd period - Shot by Wyatt Johnston.
9:53 of 2nd period - Shot Blocked by Cam Fowler.
9:55 of 2nd period - Shot by Quinn Hughes.
9:55 of 2nd period - Shot Blocked by David Savard.
10:17 of 2nd period - Shot by Bo Horvat.
10:17 of 2nd period - Shot Misses the Net.
11:23 of 2nd period - Shot by Elias Pettersson.
11:23 of 2nd period - Shot Misses the Net.
11:41 of 2nd period - Shot by Elias Pettersson.
11:41 of 2nd period - Shot Misses the Net.
12:03 of 2nd period - Shot by Wyatt Johnston.
12:03 of 2nd period - Shot Blocked by Rickard Rakell.
12:29 of 2nd period - Icing by Bo Horvat.
12:30 of 2nd period - Calle Jarnkrok wins face-off versus Pius Suter in Vancouver Canucks zone.
12:57 of 2nd period - Shot by Gustav Nyquist.
12:57 of 2nd period - Shot Blocked by Erik Gudbranson.
12:59 of 2nd period - Shot by Jani Hakanpaa.
12:59 of 2nd period - Shot Misses the Net.
13:25 of 2nd period - Icing by Bo Horvat.
13:26 of 2nd period - Bo Horvat wins face-off versus Lukas Sedlak in Vancouver Canucks zone.
13:26 of 2nd period - Bo Horvat is hit by Lukas Sedlak.
13:53 of 2nd period - Off-side.
13:54 of 2nd period - Wyatt Johnston wins face-off versus Gustav Nyquist in neutral zone.
14:51 of 2nd period - Shot by Jordan Kyrou.
14:51 of 2nd period - Shot Misses the Net.
14:56 of 2nd period - Off-side.
14:57 of 2nd period - Elias Pettersson wins face-off versus Lukas Sedlak in neutral zone.
15:07 of 2nd period - Icing by David Savard.
15:08 of 2nd period - Lukas Sedlak wins face-off versus David Kampf in Anaheim Ducks zone.
15:27 of 2nd period - Shot by Mason Appleton.
15:27 of 2nd period - Shot Misses the Net.
15:35 of 2nd period - Shot by David Kampf.
15:35 of 2nd period - Stopped by Martin Jones with a rebound.
16:30 of 2nd period - Shot by Tommy Novak.
16:30 of 2nd period - Stopped by Martin Jones without a rebound.
16:31 of 2nd period - Ryan Lomberg wins face-off versus Bo Horvat in Anaheim Ducks zone.
17:19 of 2nd period - Quinn Hughes is hit by Scott Harrington and loses puck.
19:13 of 2nd period - Shot by Jordan Kyrou.
19:13 of 2nd period - Shot Blocked by Erik Gudbranson.
19:27 of 2nd period - Shot by Steven Lorentz.
19:27 of 2nd period - Stopped by Jacob Markstrom without a rebound.
19:28 of 2nd period - Pavel Zacha wins face-off versus Ben Hutton in Vancouver Canucks zone.
19:31 of 2nd period - Shot by Viktor Arvidsson.
19:31 of 2nd period - Shot Misses the Net.
19:33 of 2nd period - Shot by Pavel Zacha.
19:33 of 2nd period - Shot Blocked by David Kampf.
19:35 of 2nd period - Shot by Neal Pionk.
19:35 of 2nd period - Shot Blocked by David Kampf.
19:53 of 2nd period - Shot by Pavel Zacha.
19:53 of 2nd period - Goal by Pavel Zacha - Anaheim Ducks : 1 - Vancouver Canucks : 1.
19:54 of 2nd period - Ryan Lomberg wins face-off versus Elias Pettersson in neutral zone.
Goals for this period are 1 for Anaheim Ducks vs 0 for Vancouver Canucks.
Shots for this period are 4 for Anaheim Ducks vs 3 for Vancouver Canucks.

3rd period


0:01 of 3rd period - Jordan Kyrou wins face-off versus Elias Pettersson in neutral zone.
0:04 of 3rd period - Shot by Brayden McNabb.
0:04 of 3rd period - Stopped by Jacob Markstrom without a rebound.
0:05 of 3rd period - Elias Pettersson wins face-off versus Ryan Lomberg in Vancouver Canucks zone.
1:18 of 3rd period - Shot by Wyatt Johnston.
1:18 of 3rd period - Stopped by Martin Jones with a rebound.
1:48 of 3rd period - Shot by Tommy Novak.
1:48 of 3rd period - Stopped by Martin Jones with a rebound.
1:50 of 3rd period - Shot by Pius Suter.
1:50 of 3rd period - Shot Blocked by Cam Fowler.
2:17 of 3rd period - Shot by Mason Appleton.
2:17 of 3rd period - Stopped by Martin Jones with a rebound.
2:19 of 3rd period - Shot by Chris Tanev.
2:19 of 3rd period - Shot Blocked by Scott Mayfield.
2:21 of 3rd period - Shot by Mason Appleton.
2:21 of 3rd period - Shot Blocked by Scott Mayfield.
2:23 of 3rd period - Shot by Mason Appleton.
2:23 of 3rd period - Stopped by Martin Jones without a rebound.
2:24 of 3rd period - Elias Pettersson wins face-off versus Lukas Sedlak in Anaheim Ducks zone.
3:54 of 3rd period - Erik Brannstrom is hit by Sam Lafferty and loses puck.
4:30 of 3rd period - David Savard is hit by Chris Tanev and loses puck.
4:45 of 3rd period - Shot by Bo Horvat.
4:45 of 3rd period - Stopped by Martin Jones without a rebound.
4:46 of 3rd period - David Kampf wins face-off versus Pavel Zacha in Anaheim Ducks zone.
5:23 of 3rd period - Off-side.
5:24 of 3rd period - Elias Pettersson wins face-off versus Lukas Sedlak in neutral zone.
6:18 of 3rd period - Shot by Neal Pionk.
6:18 of 3rd period - Stopped by Jacob Markstrom with a rebound.
7:01 of 3rd period - Shot by Bo Horvat.
7:01 of 3rd period - Stopped by Martin Jones without a rebound.
7:02 of 3rd period - Ryan Lomberg wins face-off versus Wyatt Johnston in Anaheim Ducks zone.
8:03 of 3rd period - Shot by Tommy Novak.
8:03 of 3rd period - Shot Blocked by Cam Fowler.
8:05 of 3rd period - Shot by Pius Suter.
8:05 of 3rd period - Shot Misses the Net.
10:04 of 3rd period - Shot by Elias Pettersson.
10:04 of 3rd period - Deflect By Andrei Kuzmenko.
10:04 of 3rd period - Stopped by Martin Jones without a rebound.
10:05 of 3rd period - Tommy Novak wins face-off versus Pavel Zacha in Anaheim Ducks zone.
10:14 of 3rd period - Shot by Bo Horvat.
10:14 of 3rd period - Shot Blocked by Pavel Zacha.
10:18 of 3rd period - Shot by Cale Makar.
10:18 of 3rd period - Stopped by Martin Jones without a rebound.
10:19 of 3rd period - Elias Pettersson wins face-off versus Lukas Sedlak in Anaheim Ducks zone.
10:36 of 3rd period - Shot by Elias Pettersson.
10:36 of 3rd period - Stopped by Martin Jones without a rebound.
10:37 of 3rd period - David Kampf wins face-off versus Calle Jarnkrok in Anaheim Ducks zone.
10:46 of 3rd period - Chris Tanev is hit by Sam Lafferty.
11:43 of 3rd period - Shot by Viktor Arvidsson.
11:43 of 3rd period - Stopped by Jacob Markstrom without a rebound.
11:44 of 3rd period - Pavel Zacha wins face-off versus Wyatt Johnston in Vancouver Canucks zone.
11:44 of 3rd period - Pavel Zacha is hit by Tyler Myers.
11:51 of 3rd period - Viktor Arvidsson is hit by Tyler Myers and loses puck.
11:58 of 3rd period - Shot by Pavel Zacha.
11:58 of 3rd period - Shot Misses the Net.
12:00 of 3rd period - Shot by Cam Fowler.
12:00 of 3rd period - Shot Misses the Net.
12:02 of 3rd period - Shot by Cam Fowler.
12:02 of 3rd period - Shot Misses the Net.
12:04 of 3rd period - Shot by Viktor Arvidsson.
12:04 of 3rd period - Deflect By Rickard Rakell.
12:04 of 3rd period - Shot Misses the Net.
12:48 of 3rd period - Jordan Kyrou is hit by Erik Brannstrom and loses puck.
13:01 of 3rd period - Erik Gudbranson is hit by Lukas Sedlak and loses puck.
13:16 of 3rd period - Shot by Lukas Sedlak.
13:16 of 3rd period - Shot Misses the Net.
13:18 of 3rd period - Shot by Cam Fowler.
13:18 of 3rd period - Stopped by Jacob Markstrom without a rebound.
13:19 of 3rd period - Bo Horvat wins face-off versus Pavel Zacha in Vancouver Canucks zone.
13:38 of 3rd period - Shot by Pavel Zacha.
13:38 of 3rd period - Shot Misses the Net.
13:58 of 3rd period - Jani Hakanpaa is hit by Bo Horvat.
14:06 of 3rd period - Shot by Calle Jarnkrok.
14:06 of 3rd period - Shot Misses the Net.
14:08 of 3rd period - Shot by Sam Lafferty.
14:08 of 3rd period - Stopped by Jacob Markstrom without a rebound.
14:09 of 3rd period - David Kampf wins face-off versus Ryan Lomberg in Vancouver Canucks zone.
15:02 of 3rd period - Shot by Andrei Kuzmenko.
15:02 of 3rd period - Stopped by Martin Jones without a rebound.
15:03 of 3rd period - Wyatt Johnston wins face-off versus Calle Jarnkrok in Anaheim Ducks zone.
15:16 of 3rd period - Shot by Sonny Milano.
15:16 of 3rd period - Stopped by Martin Jones without a rebound.
15:17 of 3rd period - Pavel Zacha wins face-off versus Elias Pettersson in Anaheim Ducks zone.
15:32 of 3rd period - Shot by Viktor Arvidsson.
15:32 of 3rd period - Shot Misses the Net.
15:34 of 3rd period - Shot by Viktor Arvidsson.
15:34 of 3rd period - Stopped by Jacob Markstrom without a rebound.
15:35 of 3rd period - Bo Horvat wins face-off versus Calle Jarnkrok in Vancouver Canucks zone.
15:35 of 3rd period - Erik Brannstrom is hit by Sam Lafferty.
15:47 of 3rd period - Shot by Calle Jarnkrok.
15:47 of 3rd period - Shot Misses the Net.
15:49 of 3rd period - Shot by Calle Jarnkrok.
15:49 of 3rd period - Stopped by Jacob Markstrom without a rebound.
15:50 of 3rd period - Wyatt Johnston wins face-off versus Pavel Zacha in Vancouver Canucks zone.
15:50 of 3rd period - Wyatt Johnston is hit by Viktor Arvidsson.
15:53 of 3rd period - Icing by Cale Makar.
15:54 of 3rd period - Pavel Zacha wins face-off versus Wyatt Johnston in Vancouver Canucks zone.
16:01 of 3rd period - Shot by Rickard Rakell.
16:01 of 3rd period - Stopped by Jacob Markstrom with a rebound.
16:13 of 3rd period - Shot by Wyatt Johnston.
16:13 of 3rd period - Shot Blocked by David Savard.
16:15 of 3rd period - Shot by Chris Tanev.
16:15 of 3rd period - Shot Misses the Net.
16:23 of 3rd period - Shot by Sonny Milano.
16:23 of 3rd period - Shot Misses the Net.
16:25 of 3rd period - Shot by Jesper Fast.
16:25 of 3rd period - Stopped by Martin Jones without a rebound.
16:26 of 3rd period - Ryan Lomberg wins face-off versus Elias Pettersson in Anaheim Ducks zone.
16:30 of 3rd period - Off-side.
16:31 of 3rd period - Elias Pettersson wins face-off versus Ryan Lomberg in neutral zone.
16:41 of 3rd period - Icing by Neal Pionk.
16:42 of 3rd period - Bo Horvat wins face-off versus Ryan Lomberg in Anaheim Ducks zone.
16:45 of 3rd period - Shot by Bo Horvat.
16:45 of 3rd period - Deflect By Tommy Novak.
16:45 of 3rd period - Shot Blocked by Scott Mayfield.
16:55 of 3rd period - Shot by Bo Horvat.
16:55 of 3rd period - Shot Misses the Net.
16:57 of 3rd period - Shot by Erik Brannstrom.
16:57 of 3rd period - Shot Misses the Net.
16:59 of 3rd period - Shot by Bo Horvat.
16:59 of 3rd period - Stopped by Martin Jones without a rebound.
17:00 of 3rd period - Pavel Zacha wins face-off versus Elias Pettersson in Anaheim Ducks zone.
17:13 of 3rd period - Shot by Pavel Zacha.
17:13 of 3rd period - Stopped by Jacob Markstrom without a rebound.
17:14 of 3rd period - Wyatt Johnston wins face-off versus Lukas Sedlak in Vancouver Canucks zone.
17:14 of 3rd period - Wyatt Johnston is hit by Lukas Sedlak.
17:17 of 3rd period - Icing by Quinn Hughes.
17:18 of 3rd period - Wyatt Johnston wins face-off versus Jordan Kyrou in Vancouver Canucks zone.
17:18 of 3rd period - Wyatt Johnston is hit by Ryan Lomberg.
17:21 of 3rd period - Quinn Hughes is hit by Ryan Lomberg and loses puck.
17:27 of 3rd period - Minor Penalty to Jani Hakanpaa for Tripping.
17:28 of 3rd period - Elias Pettersson wins face-off versus Calle Jarnkrok in Anaheim Ducks zone.
17:37 of 3rd period - Shot by Andrei Kuzmenko.
17:37 of 3rd period - Stopped by Martin Jones without a rebound.
17:38 of 3rd period - Chandler Stephenson wins face-off versus Bo Horvat in Anaheim Ducks zone.
17:55 of 3rd period - Shot by Cale Makar.
17:55 of 3rd period - Shot Misses the Net.
18:02 of 3rd period - Icing by Cale Makar.
18:03 of 3rd period - Bo Horvat wins face-off versus Chandler Stephenson in Vancouver Canucks zone.
18:11 of 3rd period - Shot by Chandler Stephenson.
18:11 of 3rd period - Stopped by Jacob Markstrom without a rebound.
18:12 of 3rd period - Elias Pettersson wins face-off versus Chandler Stephenson in Vancouver Canucks zone.
18:29 of 3rd period - Shot by Brock Boeser.
18:29 of 3rd period - Shot Misses the Net.
19:37 of 3rd period - Shot by Viktor Arvidsson.
19:37 of 3rd period - Shot Blocked by Erik Gudbranson.
19:39 of 3rd period - Shot by Viktor Arvidsson.
19:39 of 3rd period - Shot Misses the Net.
19:47 of 3rd period - Shot by Viktor Arvidsson.
19:47 of 3rd period - Goal by Viktor Arvidsson - Anaheim Ducks : 2 - Vancouver Canucks : 1.
19:48 of 3rd period - Elias Pettersson wins face-off versus Ryan Lomberg in neutral zone.
19:55 of 3rd period - Vancouver Canucks, Jacob Markstrom is pulled from the net.
19:55 of 3rd period - Shot by Quinn Hughes.
19:55 of 3rd period - Goal by Quinn Hughes - Anaheim Ducks : 2 - Vancouver Canucks : 2.
19:55 of 3rd period - Jacob Markstrom from Vancouver Canucks was sent back in the game.
19:56 of 3rd period - Calle Jarnkrok wins face-off versus Brock Boeser in neutral zone.
Goals for this period are 1 for Anaheim Ducks vs 1 for Vancouver Canucks.
Shots for this period are 11 for Anaheim Ducks vs 15 for Vancouver Canucks.

Overtime #1


0:01 of 1st overtime period - Bo Horvat wins face-off versus Chandler Stephenson in neutral zone.
0:16 of 1st overtime period - Shot by Bo Horvat.
0:16 of 1st overtime period - Shot Misses the Net.
0:22 of 1st overtime period - Shot by Bo Horvat.
0:22 of 1st overtime period - Deflect By Elias Pettersson.
0:22 of 1st overtime period - Shot Misses the Net.
0:24 of 1st overtime period - Shot by Bo Horvat.
0:24 of 1st overtime period - Shot Blocked by Ryan Lomberg.
0:26 of 1st overtime period - Shot by Cale Makar.
0:26 of 1st overtime period - Shot Blocked by Cam Fowler.
0:28 of 1st overtime period - Shot by Elias Pettersson.
0:28 of 1st overtime period - Stopped by Martin Jones without a rebound.
0:29 of 1st overtime period - Bo Horvat wins face-off versus Sam Lafferty in Anaheim Ducks zone.
0:32 of 1st overtime period - Shot by Bo Horvat.
0:32 of 1st overtime period - Shot Misses the Net.
0:46 of 1st overtime period - Shot by Bo Horvat.
0:46 of 1st overtime period - Shot Misses the Net.
0:52 of 1st overtime period - Shot by Bo Horvat.
0:52 of 1st overtime period - Stopped by Martin Jones without a rebound.
0:53 of 1st overtime period - Chandler Stephenson wins face-off versus Brock Boeser in Anaheim Ducks zone.
2:39 of 1st overtime period - Shot by Rickard Rakell.
2:39 of 1st overtime period - Stopped by Jacob Markstrom with a rebound.
3:21 of 1st overtime period - Icing by Quinn Hughes.
3:22 of 1st overtime period - Chandler Stephenson wins face-off versus Pius Suter in Vancouver Canucks zone.
4:11 of 1st overtime period - Shot by Elias Pettersson.
4:11 of 1st overtime period - Shot Misses the Net.
4:13 of 1st overtime period - Shot by Bo Horvat.
4:13 of 1st overtime period - Goal by Bo Horvat - Anaheim Ducks : 2 - Vancouver Canucks : 3.
Goals for this period are 0 for Anaheim Ducks vs 1 for Vancouver Canucks.
Shots for this period are 1 for Anaheim Ducks vs 3 for Vancouver Canucks.